[Event "8th RTU Open 2018"]
[Site "Riga"]
[Date "2018.08.10"]
[Round "7"]
[White "Gorodetzky, Matan"]
[Black "Martin, Julian"]
[Result "0-1"]
[ECO "A46"]
[WhiteElo "2231"]
[BlackElo "2392"]
[Annotator "NA"]
[PlyCount "105"]
[EventDate "2018.08.06"]
[EventType "swiss"]
[EventCountry "LAT"]
[SourceTitle "playchess.com"]
[Source "ChessBase"]
[SourceQuality "1"]
[TimeControl "5400+30"]

1. d4 Nf6 2. Nf3 e6 3. e3 d5 4. a3 Bd6 5. c4 dxc4 6. Bxc4 O-O 7. O-O Nc6 8. Nc3 e5 9. d5 Ne7 10. e4 a6 11. Be2 h6 12. Ne1 c6 13. dxc6 Nxc6 14. Nc2 Be6 15. Ne3 b5 16. Ned5 Nd4 17. Bd3 Bc5 18. Nxf6+ Qxf6 19. Be3 Rad8 20. Qh5 Bb3 21. Rac1 Nf3+ 22. Qxf3 Qxf3 23. gxf3 Bxe3 24. fxe3 Rxd3 25. Rfe1 Rfd8 26. Nb1 Bc4 27. Kf2 Kf8 28. Rc2 Ke7 29. Rec1 Ke6 30. a4 R8d6 31. Rc3 Rxc3 32. Rxc3 Ba2 33. Rc1 bxa4 34. Nc3 Bb3 35. Ra1 Rd2+ 36. Kg3 Rxb2 37. Nxa4 Rc2 38. Ra3 Bc4 39. Nc5+ Kd6 40. Nxa6 Rb2 41. Ra4 Bf1 42. Ra1 Be2 43. Ra4 Bf1 44. Ra1 Be2 45. Ra4 Kc6 46. Ra3 Kb6 47. Nb8 Bb5 48. Rc3 Kb7 49. Rc5 Kxb8 50. Rxe5 Bc6 51. Rf5 Rb7 52. Re5 Kc7 53. Rc5 0-1

[Event "8th RTU Open 2018"]
[Site "Riga"]
[Date "2018.08.10"]
[Round "7"]
[White "Manafov, Vugar Gulam"]
[Black "Gorbatov, Alexej"]
[Result "1/2-1/2"]
[ECO "A04"]
[WhiteElo "2215"]
[BlackElo "2389"]
[Annotator "NA"]
[PlyCount "74"]
[EventDate "2018.08.06"]
[EventType "swiss"]
[EventCountry "LAT"]
[SourceTitle "playchess.com"]
[Source "ChessBase"]
[SourceQuality "1"]
[TimeControl "5400+30"]

1. Nf3 g6 2. g3 Bg7 3. d4 c5 4. d5 d6 5. Bg2 Nf6 6. O-O O-O 7. Nc3 e6 8. Nd2 Nbd7 9. Nde4 exd5 10. Nxd6 d4 11. Ncb5 a6 12. Na3 Ra7 13. e3 Ne8 14. Nxc8 Qxc8 15. exd4 cxd4 16. Bf4 b5 17. Bh3 Qc6 18. Rc1 Nc5 19. Bg2 Qb6 20. Qf3 Ne6 21. Bd2 Nd6 22. c3 Rc7 23. cxd4 Nxd4 24. Qd3 Re8 25. Rxc7 Qxc7 26. Kh1 Qb6 27. Bf4 h5 28. Nb1 b4 29. Nd2 Qb5 30. Qxb5 N4xb5 31. Rb1 Be5 32. Bxe5 Rxe5 33. Bf1 Rc5 34. Nb3 Rc2 35. Kg1 Nc4 36. Bxc4 Rxc4 37. Rc1 Rxc1+ 1/2-1/2

[Event "8th RTU Open 2018"]
[Site "Riga"]
[Date "2018.08.10"]
[Round "7"]
[White "Pavlov, Sergey"]
[Black "Tanriverdi, Enes"]
[Result "1-0"]
[ECO "A05"]
[WhiteElo "2003"]
[BlackElo "2276"]
[Annotator "NA"]
[PlyCount "60"]
[EventDate "2018.08.06"]
[EventType "swiss"]
[EventCountry "LAT"]
[SourceTitle "playchess.com"]
[Source "ChessBase"]
[SourceQuality "1"]
[TimeControl "5400+30"]

1. Nf3 Nf6 2. g3 g6 3. b3 Bg7 4. Bb2 d5 5. c4 c6 6. Bg2 O-O 7. O-O a5 8. d3 Re8 9. Qc2 Bg4 10. Ne5 Be6 11. Nd2 Nbd7 12. Ndf3 Nxe5 13. Bxe5 a4 14. Nd4 Qd7 15. cxd5 Bxd5 16. e4 Be6 17. bxa4 Bh3 18. Nf3 Ra5 19. Rab1 Bxg2 20. Kxg2 Rea8 21. Qb3 Rxa4 22. Qxb7 Qxd3 23. Rfd1 Qxe4 24. Rd4 R4a7 25. Qxa7 Rxa7 26. Rb8+ Bf8 27. Bxf6 Qd5 28. Rxd5 cxd5 29. Bd4 Rxa2 30. Ne5 Ra7 1-0